 Dungeon Crawl Stone Soup version 0.27.1-2-g3b301248ec (webtiles) character file.

Game seed: 9977505114219240693

47 Urokeeper the Sneak (level 3, -4/18 HPs)
             Began as a Spriggan Brigand on Sept 24, 2021.
             Was a Follower of Wu Jian.
             Slain by a gnoll (5 damage)
             ... on level 2 of the Dungeon.
             The game lasted 00:05:31 (1584 turns).

Urokeeper the Sneak (Spriggan Brigand)              Turns: 1584, Time: 00:05:32

Health: -4/18      AC:  3    Str:  7    XL:     3   Next: 48%
Magic:  4/4        EV: 16    Int: 12    God:    Wu Jian [*.....]
Gold:   47         SH:  0    Dex: 17    Spells: 2/2 levels left

rFire    . . .     SeeInvis +   a - +2 dagger
rCold    . . .     Faith    .   (shield restricted)
rNeg     . . .     Spirit   .   b - +0 robe
rPois    .         Reflect  .   (helmet restricted)
rElec    .         Harm     .   c - +0 cloak
rCorr    .         Rampage  .   (gloves unavailable)
Will     .....                  (boots unavailable)
Stlth    ++++......             (no amulet)
HPRegen  0.06/turn              l - ring of wizardry
MPRegen  0.09/turn              (no ring)

@: very quick
A: very small, no large weapons, unfitting armour, see invisible, speed 3
a: Renounce Religion


You were on level 2 of the Dungeon.
You worshipped Wu Jian.
Wu Jian was aware of your devotion.
You visited 1 branch of the dungeon, and saw 2 of its levels.

You collected 47 gold pieces.

Inventory:

Hand Weapons
 a - a +2 dagger (weapon)
Armour
 b - a +0 robe (worn)
 c - a +0 cloak (worn)
Jewellery
 l - a ring of wizardry (left hand)
Scrolls
 f - a scroll of amnesia
 g - a scroll of identify
 h - a scroll of magic mapping {unknown}
 k - a scroll of enchant weapon {unknown}
Potions
 i - a potion of invisibility {unknown}
 j - a potion of curing {unknown}
 m - a potion of magic {unknown}
 n - a potion of brilliance {unknown}
 o - 2 potions of ambrosia {unknown}


   Skills:
 + Level 2.0 Fighting
 + Level 2.5 Short Blades
 + Level 2.0 Throwing
 + Level 1.5 Dodging
 + Level 7.2 Stealth


You had 2 spell levels left.
You didn't know any spells.
Your spell library contained the following spells:

 Spells                   Type           Power      Damage    Failure   Level
 Ensorcelled Hibernation  Hex/Ice        0%         N/A       21%         2
 Spider Form              Tmut/Pois      0%         N/A       36%         3
 Animate Armour           Summ/Erth      0%         N/A       75%         4
 Blade Hands              Tmut           0%         N/A       97%         5
 Iron Shot                Conj/Erth      0%         9d1       100%        6
 Shadow Creatures         Summ           N/A        N/A       100%        6


Dungeon Overview and Level Annotations

Branches:
Dungeon (2/15)

Altars:
Wu Jian


Innate Abilities, Weirdness & Mutations

You are very small and have problems with some larger weapons.
You are too small for most types of armour.
You have supernaturally acute eyesight. (SInv)
You cover ground extremely quickly. (Speed+++)


Message History

The ball python is heavily wounded.
The ball python barely misses you. The ball python grabs you.
The ball python constricts you.
You hit the ball python.
You kill the ball python!
The Council accepts your kill.
The rat twitches its whiskers.
Throw: dart (curare)
Press: ? - help, Q - select action Shift-Dir - straight line, f/p - gnoll
Aim: a gnoll, wielding a +0 whip (moderately wounded, poisoned, 65% to hit)
You throw a curare-tipped dart. The curare-tipped dart hits the gnoll.
The gnoll looks even sicker.
The gnoll convulses.
You kill the gnoll!
The Council accepts your kill.
Unknown command.
You hit the rat.
You kill the rat!
The Council accepts your kill.
The gnoll hits you from afar with a +0 spear.
You hit the gnoll.
The gnoll is lightly wounded.
The gnoll barely misses you. The gnoll closely misses you.
You hit the gnoll.
The gnoll is moderately wounded.
The gnoll barely misses you.
The gnoll hits you from afar with a +0 spear.
You closely miss the gnoll.
The gnoll is moderately wounded.
The gnoll barely misses you. The gnoll misses you.
You closely miss the gnoll.
The gnoll is moderately wounded.
The gnoll hits you with a +0 whip!
* * * LOW HITPOINT WARNING * * *
You hit the gnoll but do no damage.
The gnoll is moderately wounded.
The gnoll hits you from afar with a +0 spear.
* * * LOW HITPOINT WARNING * * *
The gnoll hits you with a +0 whip.
You die... #(.(.... #..(..[ #..(.. #.... ##..< gSK

#g# ##@#
#..### #....#
##....#
#.....#
##.#..[#
##..#...#
###...†...#
###.....#...#


You could see 2 gnolls, an adder and a kobold.

Vanquished Creatures
  A gnoll (D:2)
  A dart slug (D:1)
  4 bats
  8 endoplasms
  2 giant cockroaches (D:1)
  2 hobgoblins
  3 jackals (D:1)
  A kobold (D:1)
  3 ball pythons (D:2)
  3 frilled lizards (D:1)
  4 rats
32 creatures vanquished.

Notes
Turn   | Place    | Note
-------+----------+-------------------------------------------
     0 | D:1      | Urokeeper the Spriggan Brigand began the quest for the Orb.
     0 | D:1      | Reached XP level 1. HP: 10/10 MP: 2/2
    43 | D:1      | You fall into a shaft and drop 1 floor!
    44 | D:2      | Found an ornate altar of the Wu Jian Council.
    59 | D:2      | Reached skill level 6 in Stealth
    73 | D:2      | Became a worshipper of the Wu Jian Council
   295 | D:1      | Reached XP level 2. HP: 15/15 MP: 3/3
   449 | D:1      | Found a faded altar of an unknown god.
   911 | D:1      | Reached skill level 7 in Stealth
  1044 | D:1      | Reached * piety under Wu Jian
  1062 | D:1      | Reached XP level 3. HP: 18/18 MP: 4/4
  1584 | D:2      | Slain by a gnoll

Illustrated notes

Levels and vault maps discovered:
D:1:      dpeg_arrival_circle_labyrinth_a, layout_rooms, basic_ecumenical_altar,
          kennysheep_small_spiral
D:2:      layout_rooms, basic_altar, chequers_serial_rivers_small_b

Skill      XL: |  1  2  3 |
---------------+----------+-----
Stealth        | 6 7 |  7.2
Fighting       | 2 |  2.0
Short Blades   | |  2.5
Throwing       | |  2.0
Dodging        | |  1.5

Action                   || total
-------------------------++-------
Melee: Dagger            ||    86
Throw: Dart              ||    16
Invok: Lunge             ||     8
  Use: Scroll            ||     1
 Stab: Sleeping          ||    10
Armor: Robe              ||    14
Dodge: Dodged            ||    53
